 Dungeon Sprint DCSS version 0.30.1-4-g462c640d31 (webtiles) character file.

Game seed: 7525465432277224671

5611 Heoruswealwe the Blocker (level 10, -9/88 HPs)
             Began as a Gnoll Fighter on Aug 22, 2023.
             Was the Champion of the Shining One.
             Mangled by a demonic crawler (12 damage)
             ... in the Dungeon (Sprint I: "Red Sonja").
             The game lasted 00:23:43 (2172 turns).

Heoruswealwe the Blocker (Gnoll Fighter)            Turns: 2172, Time: 00:23:44

Health: -9/88      AC: 15    Str: 32    XL:     10   Next: 73%
Magic:  23/23      EV: 14    Int:  9    God:    the Shining One [******]
Gold:   88         SH:  7    Dex: 15    Spells: 28/28 levels left

rFire   + . .        a - +1 broad axe of Hepliaklqana's Regard {freeze, Str+3}
rCold   + + .        d - +0 buckler
rNeg    + + +        c - +0 chain mail
rPois   .            (no helmet)
rElec   .            h - +2 cloak
rCorr   .            (no gloves)
SInv    .            (no boots)
Will    .....        i - amulet of Oczie {rF+ Regen+ Str+4 Dex+4}
Stlth   +            k - ring "Dipiunaf" {rC++ Str+6}
HPRegen 1.14/turn    (no ring)
MPRegen 0.18/turn

%: no teleportation
@: mighty, glowing
A: fangs 1, strong nose, distributed training
a: Renounce Religion, Divine Shield, Cleansing Flame, Summon Divine Warrior,
Brand Weapon With Holy Wrath


You were in the Dungeon.
You worshipped the Shining One.
The Shining One was exalted by your worship.
You visited 1 branch You collected 2042 gold pieces.
You spent 1954 gold pieces at shops.

Inventory:

Hand Weapons
 a - the +1 broad axe of Hepliaklqana's Regard (weapon) {freeze, Str+3}
   (You bought it in a shop in the Dungeon)

   Str:       It affects your strength (+3).
 b - a +0 longbow
Armour
 c - a +0 chain mail (worn)
 d - a +0 buckler (worn)
 h - a +2 cloak (worn)
 o - a scarf of repulsion
Jewellery
 i - the amulet of Oczie (around neck) {rF+ Regen+ Str+4 Dex+4}
   (You bought it in a shop in the Dungeon)

   [amulet of regeneration]

   Str:       It affects your strength (+4).
   Dex:       It affects your dexterity (+4).
   rF:        It protects you from fire.
   Regen:     It increases your rate of health regeneration.
 k - the ring "Dipiunaf" (left hand) {rC++ Str+6}
   (You bought it in a shop in the Dungeon)

   [ring of strength]

   Str:       It affects your strength (+6).
   rC:        It greatly protects you from cold.
Wands
 m - a wand of digging (2)
Scrolls
 e - 2 scrolls of enchant armour
 f - a scroll of silence
 j - a scroll of blinking
 p - a scroll of immolation
 s - 2 scrolls of fear
Potions
 l - 2 potions of mutation
 n - a potion of degeneration {unknown}
 q - a potion of attraction {unknown}
 r - 2 potions of curing


   Skills:
 + Level 11.6 Fighting
 + Level 9.6 Short Blades
 + Level 9.6 Long Blades
 + Level 10.7 Axes
 + Level 9.6 Maces & Flails
 + Level 9.6 Polearms
 + Level 9.6 Staves
 + Level 9.6 Ranged Weapons
 + Level 9.6 Throwing
 + Level 11.6 Armour
 + Level 9.6 Dodging
 + Level 9.6 Stealth
 + Level 11.6 Shields
 + Level 9.6 Unarmed Combat
 + Level 9.6 Spellcasting
 + Level 8.1 Conjurations
 + Level 8.1 Hexes
 + Level 8.1 Summonings
 + Level 8.1 Necromancy
 + Level 8.1 Translocations
 + Level 8.1 Transmutations
 + Level 8.1 Fire Magic
 + Level 8.1 Ice Magic
 + Level 8.1 Air Magic
 + Level 8.1 Earth Magic
 + Level 8.1 Poison Magic
 + Level 10.5 Invocations
 + Level 9.6 Evocations


You had 28 spell levels left.
You didn't know any spells.
Your spell library contained the following spells:

 Spells                   Type           Power      Damage    Failure   Level
 Sting                    Tmut/Pois      72%        1d6       1%          1
 Poisonous Vapours        Pois/Air       36%        N/A       2%          2
 Olgreb's Toxic Radiance  Pois           18%        N/A       17%         4


Dungeon Overview and Level Annotations

Branches:
Dungeon (1/1)

Altars:
Cheibriados
Dithmenos
Elyvilon
Fedhas
Gozag
Hepliaklqana
Kikubaaqudgha
Makhleb
Nemelex Xobeh
Okawaru
Qazlal
Ru
Sif Muna
Trog
Uskayaw
Vehumet
Wu Jian
Xom
Yredelemnul
Zin
The Shining One
Jiyva
Lugonu

Shops:
D !:*[(??(!?=(**![=


Innate Abilities, Weirdness & Mutations

You have very sharp teeth.
Your uncanny sense of smell can sniff out nearby items.
Your experience applies equally to all skills.


Message History

The demonic crawler hits you.
* * * LOW HITPOINT WARNING * * *
The demonic crawler closely misses you.
The demonic crawler hits you but does no damage.
The demonic crawler hits you!
* * * LOW HITPOINT WARNING * * *
You block the demonic crawler's attack.
You feel better. The demonic crawler barely misses you.
The demonic crawler closely misses you. You block the demonic crawler's attack.
The demonic crawler hits you!
* * * LOW HITPOINT WARNING * * *
The demonic crawler hits you but does no damage.
The demonic crawler closely misses you. You block the demonic crawler's attack.
The demonic crawler hits you but does no damage.
The demonic crawler hits you!
* * * LOW HITPOINT WARNING * * *
You block the demonic crawler's attack. x2
The demonic crawler hits you but does no damage.
You feel very mighty all of a sudden. The demonic crawler misses you.
The demonic crawler hits you but does no damage.
The demonic crawler barely misses you.
The demonic crawler hits you but does no damage. x3
You slash the demonic crawler! You freeze the demonic crawler.
You bite the demonic crawler, but do no damage.
The demonic crawler is heavily wounded.
You hit the demonic crawler. You freeze the demonic crawler.
You block the demonic crawler's attack. The demonic crawler hits you!
* * * LOW HITPOINT WARNING * * *
The demonic crawler misses you. You block the demonic crawler's attack.
The demonic crawler closely misses you.
The demonic crawler hits you but does no damage.
You slash the demonic crawler! You freeze the demonic crawler.
You bite the demonic crawler.
The demonic crawler is severely wounded.
You hit the demonic crawler. You freeze the demonic crawler.
The demonic crawler barely misses you.
The demonic crawler completely misses you.
The demonic crawler hits you!
You die...

#####################************
.)..#..'..#__#..@ss.#∆∆*,∆∆,+,,,,
.#..)..#..'..'..#s..##+#∆****,,,,
###'#####'#__####s..'..#∆*∆***,,,
##..#...#.####..#####..+∆*+*,***+
_####..##)#§~~§.#..#*+##**,,,*,*,
____##'#_.+~§~§§+..#,,,,,*,,,***,
.∩...'..._#~§§.§#..#,,,,,+,,,,,**
..__##_.#'##+#####'###,,,*,,,,,*,
____###'#[#..=.###.+.#,,,***++**,


You could see 4 demonic crawlers.

Vanquished Creatures
  2 centaur warriors (D)
  Sonja (D)
  A deep troll (D)
  An oklob plant (D)
  2 unseen horrors (D)
  2 kobold demonologists (D)
  A hornet (D)
  A slime creature (D)
  Sigmund (D)
  A yak (D)
  2 redbacks (D)
  2 floating eyes (D)
  An ogre (D)
  7 necrophages (D)
  8 jellies (D)
  Ijyb (D)
34 creatures vanquished.

Vanquished Creatures (others)
  2 ballistomycete spores (D)
2 creatures vanquished.

Grand Total: 36 creatures vanquished

Notes
Turn   | Place    | Note
-------+----------+-------------------------------------------
     0 | D        | Heoruswealwe the Gnoll Fighter began the quest for the Orb.
     0 | D        | Reached XP level 1. HP: 23/23 MP: 1/1
     1 | D        | Noticed Ijyb
    11 | D        | Killed Ijyb
    12 | D        | Reached skill level 1 in Short Blades
    12 | D        | Reached skill level 1 in Long Blades
    12 | D        | Reached skill level 1 in Maces & Flails
    12 | D        | Reached skill level 1 in Polearms
    12 | D        | Reached skill level 1 in Staves
    12 | D        | Reached skill level 1 in Ranged Weapons
    12 | D        | Reached skill level 1 in Throwing
    12 | D        | Reached skill level 1 in Dodging
    12 | D        | Reached skill level 1 in Stealth
    12 | D        | Reached skill level 1 in Unarmed Combat
    12 | D        | Reached skill level 1 in Spellcasting
    12 | D        | Reached skill level 1 in Conjurations
    12 | D        | Reached skill level 1 in Hexes
    12 | D        | Reached skill level 1 in Summonings
    12 | D        | Reached skill level 1 in Necromancy
    12 | D        | Reached skill level 1 in Translocations
    12 | D        | Reached skill level 1 in Transmutations
    12 | D        | Reached skill level 1 in Fire Magic
    12 | D        | Reached skill level 1 in Ice Magic
    12 | D        | Reached skill level 1 in Air Magic
    12 | D        | Reached skill level 1 in Earth Magic
    12 | D        | Reached skill level 1 in Poison Magic
    12 | D        | Reached skill level 1 in Evocations
    12 | D        | Reached XP level 2. HP: 24/29 MP: 1/4
    47 | D        | Noticed an ogre
    50 | D        | Killed an ogre
    51 | D        | Reached skill level 5 in Axes
    51 | D        | Reached XP level 3. HP: 26/36 MP: 4/7
    51 | D        | Reached XP level 4. HP: 31/43 MP: 4/8
   122 | D        | Noticed Sigmund
   133 | D        | Killed Sigmund
   134 | D        | Reached XP level 5. HP: 31/49 MP: 8/11
   134 | D        | Reached XP level 6. HP: 36/56 MP: 8/12
   203 | D        | Found an ornate altar of the Wu Jian Council.
   203 | D        | Found a shimmering blue altar of Sif Muna.
   205 | D        | Found a radiant altar of Vehumet.
   212 | D        | Reached skill level 5 in Invocations
   251 | D        | Found Odikh's Book Emporium.
   251 | D        | Found an ancient bone altar of Kikubaaqudgha.
   251 | D        | Found a hazy altar of Hepliaklqana.
   251 | D        | Found a stormy altar of Qazlal.
   251 | D        | Found a hide-covered altar of Uskayaw.
   251 | D        | Found a blossoming altar of Fedhas.
   251 | D        | Found a bloodstained altar of Trog.
   251 | D        | Found an iron altar of Okawaru.
   251 | D        | Found a basalt altar of Yredelemnul.
   251 | D        | Found a glowing golden altar of the Shining One.
   251 | D        | Found a snail-covered altar of Cheibriados.
   251 | D        | Found a sacrificial altar of Ru.
   251 | D        | Found a glowing silver altar of Zin.
   251 | D        | Found a shadowy altar of Dithmenos.
   251 | D        | Found a white marble altar of Elyvilon.
   251 | D        | Noticed a yak
   265 | D        | Killed a yak
   266 | D        | Reached skill level 5 in Short Blades
   266 | D        | Reached skill level 5 in Long Blades
   266 | D        | Reached skill level 5 in Maces & Flails
   266 | D        | Reached skill level 5 in Polearms
   266 | D        | Reached skill level 5 in Staves
   266 | D        | Reached skill level 5 in Ranged Weapons
   266 | D        | Reached skill level 5 in Throwing
   266 | D        | Reached skill level 5 in Dodging
   266 | D        | Reached skill level 5 in Stealth
   266 | D        | Reached skill level 5 in Unarmed Combat
   266 | D        | Reached skill level 5 in Spellcasting
   266 | D        | Reached skill level 5 in Evocations
   266 | D        | Reached XP level 7. HP: 30/63 MP: 12/14
   375 | D        | Found an opulent altar of Gozag.
   376 | D        | Found a sparkling altar of Nemelex Xobeh.
   382 | D        | Became a worshipper of the Shining One
   396 | D        | Found a burning altar of Makhleb.
   396 | D        | Found a viscous altar of Jiyva.
   396 | D        | Found a shimmering altar of Xom.
   396 | D        | Found a corrupted altar of Lugonu.
   396 | D        | Noticed a slime creature
   409 | D        | Killed a slime creature
   536 | D        | Noticed a kobold demonologist
   536 | D        | Reached * piety under the Shining One
   536 | D        | Noticed a kobold demonologist
   537 | D        | Noticed a red devil
   544 | D        | Killed a kobold demonologist
   544 | D        | Reached ** piety under the Shining One
   545 | D        | Reached skill level 5 in Conjurations
   545 | D        | Reached skill level 5 in Hexes
   545 | D        | Reached skill level 5 in Summonings
   545 | D        | Reached skill level 5 in Necromancy
   545 | D        | Reached skill level 5 in Translocations
   545 | D        | Reached skill level 5 in Transmutations
   545 | D        | Reached skill level 5 in Fire Magic
   545 | D        | Reached skill level 5 in Ice Magic
   545 | D        | Reached skill level 5 in Air Magic
   545 | D        | Reached skill level 5 in Earth Magic
   545 | D        | Reached skill level 5 in Poison Magic
   545 | D        | Reached XP level 8. HP: 54/71 MP: 17/17
   546 | D        | Killed a kobold demonologist
   572 | D        | Noticed a centaur warrior
   575 | D        | Noticed a centaur warrior
   585 | D        | Killed a centaur warrior
   586 | D        | Reached skill level 10 in Fighting
   586 | D        | Reached skill level 10 in Armour
   586 | D        | Reached skill level 10 in Shields
   586 | D        | Reached XP level 9. HP: 18/78 MP: 18/20
   589 | D        | Killed a centaur warrior
   781 | D        | Noticed a deep troll
   790 | D        | Killed a deep troll
   802 | D        | Found Xioxy's Armour Emporium.
   891 | D        | Noticed a hornet
   891 | D        | Reached *** piety under the Shining One
   902 | D        | Killed a hornet
  1135 | D        | Noticed an oklob plant
  1151 | D        | Killed an oklob plant
  1152 | D        | Reached XP level 10. HP: 40/86 MP: 22/22
  1296 | D        | Reached skill level 10 in Axes
  1525 | D        | Noticed an unseen horror
  1526 | D        | Noticed an unseen horror
  1540 | D        | Killed an unseen horror
  1544 | D        | Killed an unseen horror
  1545 | D        | Reached skill level 10 in Invocations
  1620 | D        | Reached **** piety under the Shining One
  1621 | D        | Paralysed by a floating eye for 2 turns
  1804 | D        | Reached ***** piety under the Shining One
  1820 | D        | Reached ****** piety under the Shining One
  1871 | D        | Found Teluq's Antique Armour Shoppe.
  1871 | D        | Found Nyro's Assorted Antiques.
  1871 | D        | Found Qeypni's Antique Weapon Boutique.
  1877 | D        | Found Baisommu's Assorted Antiques.
  1877 | D        | Found Pitt's Jewellery Emporium.
  1877 | D        | Found Qoceism's Distillery.
  1879 | D        | Found Dajolluh's General Store.
  1879 | D        | Found Qiutz's Weapon Shoppe.
  1879 | D        | Found Budaotarph's Jewellery Shop.
  1879 | D        | Found Xakkikuz's Magic Scroll Emporium.
  1879 | D        | Found Zyuherphu's Distillery.
  1879 | D        | Found Ijuaholaa's Weapon Shoppe.
  1879 | D        | Found Ukhlekko's Magic Scroll Shop.
  1882 | D        | Bought a scroll labelled IMEFOA OMEVETE for 23 gold pieces
  1882 | D        | Bought a scroll labelled MUMYVU ALEIRPH for 23 gold pieces
  1882 | D        | Bought 2 murky coppery potions for 41 gold pieces
  1883 | D        | Found Edwoh's Magic Scroll Emporium.
  1884 | D        | Bought a scroll of identify for 20 gold pieces
  1888 | D        | Bought a scroll of identify for 22 gold pieces
  1888 | D        | Bought a scroll of identify for 22 gold pieces
  1888 | D        | Bought a scroll of identify for 22 gold pieces
  1890 | D        | Bought a scroll of magic mapping for 82 gold pieces
  1897 | D        | Bought a scorched broad axe for 189 gold pieces
  1897 | D        | Identified the +1 broad axe of Hepliaklqana's Regard
                  | {freeze, Str+3} (You bought it in a shop in the Dungeon)
  1899 | D        | Bought a fuming white potion for 21 gold pieces
  1899 | D        | Bought a glowing scarf for 192 gold pieces
  1899 | D        | Bought a scroll labelled ZEGGEURPH CARPH for 24 gold pieces
  1917 | D        | Bought the ring "Dipiunaf" {rC++ Str+6} for 665 gold pieces
  1939 | D        | Noticed Sonja
  1955 | D        | Killed Sonja
  2077 | D        | Found Idaemyrr's Distillery.
  2115 | D        | Bought the amulet of Oczie {rF+ Regen+ Str+4 Dex+4} for 608
                  | gold pieces
  2161 | D        | Noticed a demonic crawler
  2161 | D        | Noticed a demonic crawler
  2161 | D        | Noticed a demonic crawler
  2161 | D        | Noticed a demonic crawler
  2171 | D        | HP: 2/88 [demonic crawler (12)]
  2172 | D        | Mangled by a demonic crawler

Illustrated notes

Levels and vault maps discovered:
D:        dungeon_sprint_1 [red_sonja_temple_1, red_sonja_temple_small_1]

Skill      XL: |  1  2  3  4  5  6  7  8  9 10 |
---------------+-------------------------------+-----
Short Blades   | 1 3 4 5 6 7 8 9 |  9.6
Long Blades    | 1 3 4 5 6 7 8 9 |  9.6
Maces & Flails | 1 3 4 5 6 7 8 9 |  9.6
Polearms       | 1 3 4 5 6 7 8 9 |  9.6
Staves         | 1 3 4 5 6 7 8 9 |  9.6
Ranged Weapons | 1 3 4 5 6 7 8 9 |  9.6
Throwing       | 1 3 4 5 6 7 8 9 |  9.6
Dodging        | 1 3 4 5 6 7 8 9 |  9.6
Stealth        | 1 3 4 5 6 7 8 9 |  9.6
Unarmed Combat | 1 3 4 5 6 7 8 9 |  9.6
Spellcasting   | 1 3 4 5 6 7 8 9 |  9.6
Conjurations   | 1 2 3 4 5 6 7 8 |  8.1
Hexes          | 1 2 3 4 5 6 7 8 |  8.1
Summonings     | 1 2 3 4 5 6 7 8 |  8.1
Necromancy     | 1 2 3 4 5 6 7 8 |  8.1
Translocations | 1 2 3 4 5 6 7 8 |  8.1
Transmutations | 1 2 3 4 5 6 7 8 |  8.1
Fire Magic     | 1 2 3 4 5 6 7 8 |  8.1
Ice Magic      | 1 2 3 4 5 6 7 8 |  8.1
Air Magic      | 1 2 3 4 5 6 7 8 |  8.1
Earth Magic    | 1 2 3 4 5 6 7 8 |  8.1
Poison Magic   | 1 2 3 4 5 6 7 8 |  8.1
Invocations    | 2 3 4 5 7 8 9 10 | 10.5
Evocations     | 1 3 4 5 6 7 8 9 |  9.6
Fighting       | 7 8 9 10 11 | 11.6
Axes           | 5 6 7 8 9 10 | 10.7
Armour         | 7 8 9 10 11 | 11.6
Shields        | 7 8 9 10 11 | 11.6

Action                     |  1- 3 |  4- 6 |  7- 9 | 10-12 || total
---------------------------+-------+-------+-------+-------++-------
  Melee: War axe           |    11 |    22 |    66 |    73 ||   172
         Bite              |       |     5 |    14 |    27 ||    46
         Broad axe         |       |       |       |    18 ||    18
  Evoke: Wand              |     1 |       |       |     1 ||     2
    Use: Potion            |     1 |       |     4 |     3 ||     8
         Scroll            |       |       |       |     6 ||     6
 Armour: Scale mail        |     4 |       |       |       ||     4
         Chain mail        |       |     5 |    27 |    79 ||   111
  Dodge: Dodged            |     3 |     7 |    23 |    64 ||    97
  Block: Buckler           |     1 |     3 |    24 |    47 ||    75
